 Dungeon Crawl Stone Soup version 0.25-a0-294-gea9b1ad378 (webtiles) character file.

Game seed: 1599372281710640651, levelgen mode: deterministic

121 MoonlitKnight the Poker (level 5, -4/41 HPs)
             Began as a Merfolk Skald on Dec 16, 2019.
             Slain by a worker ant (6 damage)
             ... on level 3 of the Dungeon.
             The game lasted 00:06:04 (3113 turns).

MoonlitKnight the Poker (Merfolk Skald)             Turns: 3113, Time: 00:06:05

Health: -4/41      AC:  5    Str: 13    XL:     5   Next: 5%
Magic:  0/8        EV: 12    Int: 12    God:
Gold:   165        SH:  0    Dex: 13    Spells: 2/8 levels left

rFire    . . .     SeeInvis .   a - +0 spear
rCold    . . .     Gourm    .   (no shield)
rNeg     . . .     Faith    .   t - +0 ring mail
rPois    .         Spirit   .   (no helmet)
rElec    .         Reflect  .   (no cloak)
rCorr    .         Harm     .   (no gloves)
MR       .....                  (no boots)
Stlth    +.........             (no amulet)
HPRegen  0.13/turn              (no ring)
MPRegen  0.11/turn              (no ring)

@: lethally poisoned (-4 -> -7), infused, very slightly contaminated, glowing
A: change form in water, swift swim, stealthy swim
a: no special abilities


You were on level 3 of the Dungeon.
You were hungry.

You visited 1 branch of the dungeon, and saw 4 of its levels.

You collected 165 gold pieces.

Inventory:

Hand Weapons
 a - a +0 spear (weapon)
Missiles
 m - 7 poisoned darts (quivered)
Armour
 b - a +0 leather armour
 t - a +0 ring mail (worn)
Jewellery
 o - an uncursed amulet of the gourmand {unknown}
Wands
 p - a wand of flame (14)
 y - a wand of clouds (8)
Scrolls
 e - a scroll of fear {unknown}
 g - a scroll of random uselessness
 h - a scroll of remove curse {unknown}
 j - a scroll of enchant weapon {unknown}
 n - a scroll of magic mapping {unknown}
 q - a scroll of identify {unknown}
 s - a scroll of amnesia
Potions
 c - 2 potions of curing
 i - a potion of mutation {unknown}
 k - a potion of agility {unknown}
 l - a potion of degeneration {unknown}
 r - a potion of ambrosia {unknown}
 v - a potion of heal wounds {unknown}
 w - a potion of might {unknown}
 x - 2 potions of berserk rage {unknown}
Comestibles
 d - 6 rations


   Skills:
 + Level 3.2 Fighting
 * Level 5.7 Polearms
 - Level 0.6 Armour
 + Level 4.0 Dodging
 - Level 2.0 Spellcasting
 - Level 3.2 Charms


You had 2 spell levels left.
You knew the following spells:

 Your Spells              Type           Power        Failure   Level  Hunger
a - Infusion              Chrm           #...         16%         1    ##.....
b - Shroud of Golubria    Chrm/Tloc      #.....       41%         2    ###....
c - Spectral Weapon       Hex/Chrm       #.......     65%         3    ####...

Your spell library contained the following spells:

 Spells                   Type           Power        Failure   Level  Hunger
 Song of Slaying          Chrm           #.......     22%         2    ###....
 Regeneration             Chrm/Necr      #.........   65%         3    ####...


Dungeon Overview and Level Annotations

Branches:
Dungeon (4/15)
 Temple: D:4-7

Altars:


Message History

The worker ant closely misses you.
There is a stone staircase leading up here.
You feel sick. The worker ant bites you.
* * * LOW HITPOINT WARNING * * *
The worker ant barely misses you.
You climb upwards.
You feel sick.
There is a stone staircase leading down here.
You hit the worker ant.
The worker ant is moderately wounded.
The worker ant closely misses you. The worker ant bites you.
* * * LOW HITPOINT WARNING * * *
You hit the worker ant but do no damage.
The worker ant is moderately wounded.
* * * LOW HITPOINT WARNING * * *
You feel sick. The worker ant closely misses you.
The worker ant bites you but does no damage.
You closely miss the worker ant.
The worker ant is moderately wounded.
The worker ant bites you.
You die...

#.# ##.....# #.#
##.##.## #.##
#.##..## #..##
#.###..# ##..#
##..###.. ##.#
#......##
#####.#####......#.
#..................
#a@..............##
#..a......)........
#...............###
#..........#######.
#..........# #..
#.....[....# ###.#
#..........# #....
############ #####
#


You could see 2 worker ants.

Vanquished Creatures
  4 adders (D:2)
  An ooze (D:2)
  A worm (D:2)
  A dart slug (D:3)
  2 leopard geckos
  A ball python (D:2)
  3 giant cockroaches
  14 goblins
  10 hobgoblins
  3 jackals (D:2)
  2 quokkas
  9 bats
  7 frilled lizards
  8 kobolds
  3 rats
69 creatures vanquished.

Notes
Turn   | Place    | Note
-------+----------+-------------------------------------------
     0 | D:1      | MoonlitKnight the Merfolk Skald began the quest for the
                  | Orb.
     0 | D:1      | Reached XP level 1. HP: 16/16 MP: 3/3
   416 | D:1      | Reached XP level 2. HP: 23/23 MP: 5/5
   453 | D:1      | Learned a level 2 spell: Shroud of Golubria
   893 | D:1      | Reached skill level 4 in Polearms
   932 | D:2      | Reached XP level 3. HP: 24/28 MP: 0/6
   999 | D:2      | Learned a level 3 spell: Spectral Weapon
  1192 | D:2      | HP: 1/28 [kobold/stone (3)]
  1701 | D:2      | Reached XP level 4. HP: 34/34 MP: 4/7
  1763 | D:2      | Reached skill level 5 in Polearms
  2851 | D:3      | Reached XP level 5. HP: 41/41 MP: 8/8
  3112 | D:3      | HP: 2/41 [poisoned by a worker ant]
  3113 | D:3      | Slain by a worker ant

Levels and vault maps discovered:
D:1:      dpeg_arrival_renting, layout_loops_ring
D:2:      minmay_diamond_boxcup, layout_basic, first_ration, hex_intersection
D:3:      layout_rooms
D:4:      layout_rooms, minmay_temple_entry_sparse_star,
          small_statue_intersection

Skill      XL: |  1  2  3  4 |
---------------+-------------+-----
Dodging        | 3 4 |  4.0
Polearms       | 4 5 |  5.7
Fighting       | 3 |  3.2
Armour         | |  0.6
Spellcasting   | |  2.0
Charms         | |  3.2

Action                   |  1- 3 |  4- 6 || total
-------------------------+-------+-------++-------
Melee: Spear             |   175 |   147 ||   322
 Cast: Infusion          |     5 |     3 ||     8
       Shroud of Golubri |       |     2 ||     2
  Use: Potion            |     1 |       ||     1
       Scroll            |       |     3 ||     3
 Stab: Sleeping          |     2 |       ||     2
  Eat: Chunk             |     3 |     5 ||     8
Armor: Leather armour    |    35 |     4 ||    39
       Ring mail         |       |    28 ||    28
Dodge: Dodged            |    77 |    86 ||   163

Table legend:
 A = Non-vault XP
 B = Vault XP
 C = Vault XP percentage of total XP
 D = Non-vault monster count
 E = Vault monster count
 F = Vault count percentage of total count
                 A         B        C        D         E       F
            +---------+---------+-------+---------+---------+-------
      Total |     148 |      26 |  14.9 |      60 |       9 |  13.0
            +---------+---------+-------+---------+---------+-------
        D:1 |      28 |       2 |   6.7 |      17 |       1 |   5.6
        D:2 |      92 |      24 |  20.7 |      27 |       8 |  22.9
        D:3 |      28 |       0 |   0.0 |      16 |       0 |   0.0
            +---------+---------+-------+---------+---------+-------
